 Dungeon Crawl Stone Soup version 0.31.0-32-g396128a36d (webtiles) character file.

Game seed: 11457654049828315650

433 GiantSquids the Chopper (level 7, -27/61 HPs)
             Began as a Hill Orc Berserker on Apr 19, 2024.
             Was a Priest of Trog.
             Killed by an exploding centaur (35 damage)
             ... ignited by their inner flame
             ... on level 4 of the Dungeon.
             The game lasted 00:06:08 (2736 turns).

GiantSquids the Chopper (Hill Orc Berserker)        Turns: 2736, Time: 00:06:10

Health: -27/61     AC:  9    Str: 22    XL:     7   Next: 0%
Magic:  7/7        EV: 10    Int:  7    God:    Trog [***...]
Gold:   310        SH:  0    Dex: 10    Spells: 6/6 levels left

rFire   . . .        f - +0 war axe
rCold   . . .        (no shield)
rNeg    . . .        i - +0 scale mail
rPois   .            c - +0 helmet
rElec   .            (no cloak)
rCorr   .            (no gloves)
SInv    .            d - +0 pair of boots
Will    .....        (no amulet) Stlth
                     (no ring)
HPRegen 0.30/turn    (no ring)
MPRegen 0.10/turn

%: no passive effects
@: on berserk cooldown, slowed, very slow
A: no striking features
a: Renounce Religion, Berserk, Trog's Hand


You were on level 4 of the Dungeon.
You worshipped Trog.
Trog was most pleased with you.
You visited 1 branch of the dungeon, and saw 4 of its levels.

You collected 310 gold pieces.

Inventory:

Hand Weapons
 f - a +0 war axe (weapon)
Missiles
 g - 5 datura-tipped darts (quivered)
Armour
 c - a +0 helmet (worn)
 d - a +0 pair of boots (worn)
 i - a +0 scale mail (worn)
Jewellery
 u - a ring of willpower
Wands
 n - a wand of charming (9)
Scrolls
 b - 3 scrolls of teleportation {unknown}
 e - a scroll of immolation
 h - a scroll of poison {unknown}
 p - 3 scrolls of identify {unknown}
 q - a scroll of amnesia {unknown}
 s - a scroll of enchant armour {unknown}
Potions
 a - a potion of haste {unknown}
 j - 3 potions of brilliance {unknown}
 k - 2 potions of lignification {unknown}
 l - a potion of enlightenment {unknown}
 m - 2 potions of mutation {unknown}
 o - 2 potions of cancellation {unknown}
 r - 2 potions of attraction {unknown}
 t - a potion of magic {unknown}


   Skills:
 + Level 5.5 Fighting
 * Level 7.6 Axes
 + Level 4.3 Armour
 - Level 1.5 Dodging


You had 6 spell levels left.
You didn't know any spells.
Your spell library was empty.

Dungeon Overview and Level Annotations

Branches:
Dungeon (4/15)
 Temple: D:4-7

Altars:
Cheibriados
Qazlal
The Shining One

Shops:
D:4 *


Message History

The centaur kicks you but does no damage.
The centaur hits you but does no damage.
The centaur closely misses you. x2
The centaur kicks you but does no damage.
The centaur wields a +0 shortbow.
The centaur shoots an arrow.
The arrow hits you.
* * * LOW HITPOINT WARNING * * *
The centaur shoots an arrow.
The arrow barely misses you.
You don't know any spells.
Okay, then.
Aiming: Charm
Press: ? - help, Shift-Dir - straight line, f - centaur
Aim: a centaur, wielding a +0 shortbow (severely wounded, inner flame, chance to affect: 49%)
The centaur is charmed.
The gnoll bouda hits your centaur with a +0 whip.
Flame seeps out of your centaur. What are your orders? t - Shout!
Orders for allies: a - Attack new target. p - Attack previous target. r - Retreat! s - Stop attacking. g - Guard the area. f - Follow me.
Anything else - Cancel.
Gang up on whom?
Press: ? - help, Dir - move target, f - gnoll bouda, p - centaur
Aim: a gnoll bouda, wielding a +0 whip and wearing a +0 robe (inner flame, ally target) Attack!
Your centaur is engulfed in blazing flames.
Flame seeps out of your centaur.
Your centaur unwields a +0 shortbow.
Your centaur barely misses the gnoll bouda. x2
The gnoll bouda hits your centaur with a +0 whip.
Flame seeps out of your centaur.
Your centaur is engulfed in blazing flames.
Trog accepts your kill.
Your centaur explodes!
The fiery explosion engulfs the gnoll bouda!!
Trog accepts your kill. The fiery explosion engulfs you!!
Ouch! That really hurt!
You die...

#.# ##. #.# #
...###### #.######
s.#....## #.#.....
.S###...######.#)####
####.
#................
###....
#...###.......##.
......B###.###
#.##....÷<.
.....gs)°@.#
#.##....##.
.....Ss#####
#.##.#..... ##.###.
#.##.#..... #.
#.##.#.#### #.
#.##.#.#... #.
#.......... ..
##.....#..∩ ..
##.#.####.. #....#
##.


You could see 2 scorpions, a bombardier beetle (inner flame), a goblin (inner
flame) and a ball python (inner flame).

Vanquished Creatures
  2 ogres (D:4)
  A centaur (D:4)
  A hound (D:4)
  2 orc priests (D:4)
  A gnoll bouda (D:4)
  8 adders
  4 dart slugs
  4 orcs
  5 bats
  6 endoplasms
  6 goblins
  10 hobgoblins
  11 jackals
  2 quokkas
  5 ball pythons
  2 frilled lizards
  6 kobolds
  6 rats
82 creatures vanquished.

Notes
Turn   | Place    | Note
-------+----------+-------------------------------------------
     0 | D:1      | GiantSquids the Hill Orc Berserker began the quest for the
                  | Orb.
     0 | D:1      | Reached XP level 1. HP: 19/19 MP: 1/1
    52 | D:1      | Reached XP level 2. HP: 18/27 MP: 2/2
   180 | D:1      | Found a faded altar of an unknown god.
   709 | D:1      | Reached XP level 3. HP: 30/33 MP: 3/3
   860 | D:2      | Reached ** piety under Trog
   870 | D:2      | Identified the +1 short sword of Fate {freeze, Fly Int+6}
   875 | D:2      | Reached skill level 5 in Axes
   984 | D:2      | Reached XP level 4. HP: 40/40 MP: 4/4
  1506 | D:3      | Found a glowing golden altar of the Shining One.
  1664 | D:3      | Found a snail-covered altar of Cheibriados.
  1761 | D:3      | Reached skill level 6 in Axes
  1761 | D:3      | Reached XP level 5. HP: 46/47 MP: 5/5
  2385 | D:4      | Reached *** piety under Trog
  2398 | D:4      | Noticed an ogre
  2408 | D:4      | Killed an ogre
  2409 | D:4      | Reached skill level 5 in Fighting
  2409 | D:4      | Reached XP level 6. HP: 23/56 MP: 6/6
  2555 | D:4      | Found a stormy altar of Qazlal.
  2563 | D:4      | Reached skill level 7 in Axes
  2646 | D:4      | Found Deckix's Assorted Antiques.
  2726 | D:4      | Reached XP level 7. HP: 32/61 MP: 7/7
  2736 | D:4      | Killed by an exploding centaur... ignited by their inner
                  | flame

Illustrated notes

Levels and vault maps discovered:
D:1:      amcnicky_arrival_flooded_fountain, layout_loops_ring,
          hellmonk_ecumenical_altar_blasted
D:2:      minmay_skewed_foursquare, layout_basic, minmay_pentomino_u4
D:3:      kennysheep_six_static_rooms, layout_basic,
          mainiacjoe_overflow_24_doors, mainiacjoe_overflow_catwalk,
          nicolae_houndstooth_variations
D:4:      minmay_recursive_quarters, layout_loops_ring,
          mainiacjoe_overflow_small_starburst, serial_shops, shop

Skill      XL: |  1  2  3  4  5  6 |
---------------+-------------------+-----
Fighting       | 4 5 |  5.5
Axes           | 5 6 7 |  7.6
Armour         | 3 4 |  4.3
Dodging        | |  1.5

Action                     |  1- 3 |  4- 6 |  7- 9 || total
---------------------------+-------+-------+-------++-------
  Melee: Hand axe          |    43 |       |       ||    43
         War axe           |    45 |   121 |     6 ||   172
         Punch             |     1 |       |       ||     1
 Invoke: Berserk           |       |     1 |       ||     1
  Evoke: Wand              |       |       |     1 ||     1
    Use: Scroll            |       |       |     1 ||     1
 Armour: Animal skin       |    34 |       |       ||    34
         Scale mail        |    20 |    72 |    19 ||   111
  Dodge: Dodged            |    50 |    69 |    12 ||   131
